Cogmind - Beta 12 @@@ ROGUE MODE // 2023.03.04 @ 16:19:52 Player: guru jr Result: Self-destructed Performance ------------- Evolutions (2) 1000 Regions Visited (5) 1000 Robots Destroyed (27) 135 Value Destroyed (647) 647 Prototype IDs (0) 0 Alien Tech Used (0) 0 Bonus (0) 0 TOTAL SCORE: 2782 Bonus ------- None Cogmind --------- Core Integrity 376/550 Matter 223/300 Energy 100/100 System Corruption 0% Temperature Cool (0) Movement Walking (260) Ox2 Location -8/Materials Parts ------- > --- POWER (2) -------- (None) > --- PROPULSION (2) --- Aluminum Leg > --- UTILITY (4) ------ Heat Sink Large Storage Unit Visual Processing Unit > --- WEAPON (3) ------- Light Assault Rifle Grenade Launcher > --- INVENTORY (15) --- Ion Engine Ion Engine Heat Sink Heat Sink Improved Heat Sink Improved Heat Sink Large Battery (200) Medium Matter Pod (100) Signal Interpreter Improved Terrain Scanner ECM Suite Weapon Shielding Hardened Medium Armor Plating Hardened Medium Armor Plating Peak State ------------ > --- POWER ------------ Ion Engine Light Nuclear Core > --- PROPULSION ------- Wheel > --- UTILITY ---------- Heat Sink Large Storage Unit Visual Processing Unit Hardened Medium Armor Plating > --- WEAPON ----------- Particle Gun Assault Rifle Light Assault Rifle > --- INVENTORY -------- Ion Engine Ion Engine Heat Sink Heat Sink Improved Heat Sink Large Battery Medium Matter Pod Signal Interpreter Improved Terrain Scanner ECM Suite Weapon Shielding Hardened Medium Armor Plating Hardened Medium Armor Plating Light Assault Rifle Grenade Launcher [Rating: 18] Favorites ----------- Power Ion Engine Engine Ion Engine Power Core Light Nuclear Core Propulsion Wheel Leg Aluminum Leg Wheel Wheel Utility Large Storage Unit Device Heat Sink Storage Large Storage Unit Processor Visual Processing Unit Protection Weapon Shielding Weapon Light Assault Rifle Energy Gun Particle Gun Ballistic Gun Light Assault Rifle Launcher Grenade Launcher Build | -11 -10 -10 -10 -9 -8 ------- Run | Jun Mat Min Exi Min Mat Slots Evolved 4 | . . . . . 4 Power 1 | . . . . . 1 Propulsion . | . . . . . . Utility 2 | . . . . . 2 Weapon 1 | . . . . . 1 Parts Attached 24 | 8 4 3 1 . 8 Power 3 | 1 . 1 . . 1 Engine 2 | 1 . 1 . . . Core 1 | . . . . . 1 Reactor . | . . . . . . Propulsion 8 | 4 1 2 . . 1 Treads . | . . . . . . Leg 1 | . . . . . 1 Wheel 7 | 4 1 2 . . . Hover . | . . . . . . Flight . | . . . . . . Utility 7 | 1 2 . 1 . 3 Device 2 | . 1 . . . 1 Storage 2 | 1 1 . . . . Processor 1 | . . . . . 1 Hackware . | . . . . . . Protection 2 | . . . 1 . 1 Artifact . | . . . . . . Weapon 6 | 2 1 . . . 3 Energy Gun 1 | . 1 . . . . Energy Cannon . | . . . . . . Ballistic Gun 4 | 2 . . . . 2 Ballistic Cannon . | . . . . . . Launcher 1 | . . . . . 1 Special Weapon . | . . . . . . Impact Weapon . | . . . . . . Slashing Weapon . | . . . . . . Piercing Weapon . | . . . . . . Special Melee Weapon . | . . . . . . Unidentified Prototypes . | . . . . . . Parts Lost 9 | . 1 . . . 8 Power 2 | . . . . . 2 Propulsion 2 | . . . . . 2 Utility 1 | . . . . . 1 Weapon 4 | . 1 . . . 3 Highest Loss Streak 3 | . 1 . . . 3 To Critical Strikes . | . . . . . . Average Slot Usage (%) 94 | . 86 100 100 100 87 Engine 13 | . 14 14 14 14 8 Core 1 | . . . . . 9 Wheel 24 | . 28 28 28 28 6 Device 5 | . 1 14 5 . 9 Storage 13 | . 14 14 14 14 9 Processor 1 | . . . . . 9 Protection 5 | . . . 8 14 9 Energy Gun 9 | . 1 14 14 14 7 Ballistic Gun 17 | . 26 14 14 14 14 Naked Turns . | . . . . . . Heaviest Build 46 | 12 30 30 30 30 46 Greatest Support 32 | 32 20 20 20 20 20 Greatest Overweight (x) 14 | 3 1 1 1 1 14 Average Overweight (x) 1 | . . 1 1 1 3 Largest Inventory Capacity 15 | 8 15 15 15 15 15 Average Capacity 14 | 7 14 15 15 15 15 Most Carried 15 | 6 15 15 15 15 15 Average Carried 12 | 2 9 14 15 14 13 Final Capacity 15 | 8 15 15 15 15 15 Final Carried 15 | 4 14 15 15 15 14 Class Distribution -------------------- 84% | Mutant 11% | Scavenger-Tank 3% | Scavenger-Mutant Dominant Class ---------------- Mutant | -10/Materials Mutant | -10/Mines Mutant | -10/Exiles Mutant | -9/Mines Scavenger-Tank | -8/Materials Resources | -11 -10 -10 -10 -9 -8 ----------- Run | Jun Mat Min Exi Min Mat Matter Collected 618 | 322 194 21 . . 81 Remotely . | . . . . . . Salvage Created 847 | 197 312 . . . 338 Parts 42 | 10 18 . . . 14 Haulers Intercepted . | . . . . . . Recyclers Shooed . | . . . . . . Parts Field Recycled . | . . . . . . Retrieved Matter . | . . . . . . Parts Self-Destructed . | . . . . . . Prevented . | . . . . . . Kills | -11 -10 -10 -10 -9 -8 ------- Run | Jun Mat Min Exi Min Mat Combat Hostiles Destroyed 14 | . 8 . . . 6 Guns 14 | . 8 . . . 6 Classes Destroyed 6 | 3 1 . . . 2 Worker 4 | 2 . . . . 2 Tunneler 5 | 4 . . . . 1 Recycler 2 | 1 . . . . 1 Watcher 2 | . . . . . 2 Swarmer 3 | . . . . . 3 Grunt 11 | . 8 . . . 3 Best Kill Streak 8 | 4 4 . . . 8 Combat Bots Only 4 | . 4 . . . 3 Max Kills in Single Turn 4 | 1 1 . . . 4 Gunslinging . | . . . . . . Exploded . | . . . . . . Melee . | . . . . . . Uniques/NPCs Destroyed . | . . . . . . Combat | -11 -10 -10 -10 -9 -8 -------- Run | Jun Mat Min Exi Min Mat Damage Taken 1295 | . 315 . . . 980 Core 225 | . 51 . . . 174 Absorbed by Shields . | . . . . . . Redirected to Shielding 17 | . . . . . 17 Core Remaining (%) 89 | 100 . . . 79 . Volleys Fired 81 | 25 28 1 . . 27 Largest 3 | 2 2 2 . . 3 Hottest 115 | 40 85 85 . . 115 Shots Fired 183 | 50 56 2 . . 75 Gun 181 | 50 56 2 . . 73 Cannon . | . . . . . . Launcher 2 | . . . . . 2 Special . | . . . . . . Kinetic 150 | 50 51 1 . . 48 Thermal 31 | . 5 1 . . 25 Explosive 2 | . . . . . 2 Electromagnetic . | . . . . . . Robot Hit Streak 9 | 7 9 . . . 6 Robot Miss Streak 4 | 1 2 . . . 4 Penetration Max . | . . . . . . Secondary Targets 4 | . 2 . . . 2 Max Gunslinging Chain 1 | . 1 . . . 1 Shots Hit Robots 112 | 35 38 . . . 39 Core Hits 57 | 14 19 . . . 24 Critical Kills . | . . . . . . Critical Parts Destroyed . | . . . . . . Critical Strikes 2 | . 1 . . . 1 Burn 2 | . 1 . . . 1 Melee Attacks . | . . . . . . Impact . | . . . . . . Slashing . | . . . . . . Piercing . | . . . . . . Sneak Attacks . | . . . . . . Combat Hostiles . | . . . . . . Follow-up Attacks . | . . . . . . Damage Inflicted 1662 | 285 352 . . . 1025 Guns 1147 | 285 352 . . . 510 Cannons . | . . . . . . Explosions 515 | . . . . . 515 Melee . | . . . . . . Ramming . | . . . . . . Kinetic 862 | 285 288 . . . 289 Thermal 753 | . 64 . . . 689 Explosive 47 | . . . . . 47 Electromagnetic . | . . . . . . Impact . | . . . . . . Slashing . | . . . . . . Piercing . | . . . . . . Highest Corruption . | . . . . . . Average Corruption . | . . . . . . Corruption Purged . | . . . . . . Corruption Blocked . | . . . . . . Overload Shots . | . . . . . . Overflow Damage 31 | . . . . . 31 Projectiles . | . . . . . . Explosions 31 | . . . . . 31 Melee . | . . . . . . Knockbacks . | . . . . . . Impact . | . . . . . . Kinetic . | . . . . . . Secondary . | . . . . . . Self-Inflicted Damage 17 | . . . . . 17 Shots 1 | . . . . . 1 Rammed . | . . . . . . Targets Rammed . | . . . . . . Kicked . | . . . . . . Crushed . | . . . . . . Highest Temperature 372 | . 60 24 . . 372 Average Temperature 82 | . 14 18 . . 109 Received Heat Transfer 579 | . 174 . . . 405 Effects 2 | . . . . . 2 Shutdowns 2 | . . . . . 2 Siege Activations . | . . . . . . Robots Corrupted . | . . . . . . Combat Hostiles . | . . . . . . Parts Fried . | . . . . . . Impact Corruptions . | . . . . . . Robots Melted . | . . . . . . Combat Hostiles . | . . . . . . Parts Melted 3 | . 1 . . . 2 Heat Transferred 1201 | . 222 . . . 979 Parts Sabotaged . | . . . . . . Parts Stolen . | . . . . . . Parts Stripped . | . . . . . . Power Chain Reactions . | . . . . . . Missiles Intercepted . | . . . . . . Alert | -11 -10 -10 -10 -9 -8 ------- Run | Jun Mat Min Exi Min Mat Peak Influence 399 | 35 242 124 . . 399 Initial 94 | . 22 94 . . . Average 133 | 11 125 114 . . 258 Maximum Alert Level 1 | . 1 . . . 1 Low Security (%) 66 | 100 63 100 . 100 21 Level 1 33 | . 36 . . . 78 Level 2 . | . . . . . . Level 3 . | . . . . . . Level 4 . | . . . . . . Level 5 . | . . . . . . High Security . | . . . . . . Max Security . | . . . . . . Squads Dispatched 4 | . 2 . . . 2 Investigation 2 | . 1 . . . 1 Extermination . | . . . . . . Reinforcement 2 | . 1 . . . 1 Assault . | . . . . . . Garrison . | . . . . . . Intercept . | . . . . . . Searches Triggered . | . . . . . . Construction Impeded . | . . . . . . Haulers Reinforced . | . . . . . . Active Scanning Responses . | . . . . . . Cargo Convoy Interrupts . | . . . . . . Stealth | -11 -10 -10 -10 -9 -8 --------- Run | Jun Mat Min Exi Min Mat Distress Signals 7 | . 3 . . . 4 Communications Jammed . | . . . . . . Distress Signals . | . . . . . . Times Spotted 31 | . 9 4 . . 18 Peak Tracking Total 5 | . 5 3 . . 5 Tactical Retreats 4 | . 1 2 . . 1 Traps | -11 -10 -10 -10 -9 -8 ------- Run | Jun Mat Min Exi Min Mat Traps Triggered . | . . . . . . Indirectly . | . . . . . . Trap Hack Attempts . | . . . . . . Triggered . | . . . . . . Disarmed . | . . . . . . Reprogrammed . | . . . . . . Reused . | . . . . . . Traps Extracted . | . . . . . . Installed . | . . . . . . Triggered . | . . . . . . Machines | -11 -10 -10 -10 -9 -8 ---------- Run | Jun Mat Min Exi Min Mat Machines Disabled 9 | . . . . . 9 Max in Single Turn 6 | . . . . . 6 Machines Repaired . | . . . . . . Machines Sabotaged . | . . . . . . Overloaded Fab Kills . | . . . . . . Hacking | -11 -10 -10 -10 -9 -8 --------- Run | Jun Mat Min Exi Min Mat Machines Accessed 5 | . 2 . 2 . 1 Terminals 3 | . 2 . . . 1 Fabricators . | . . . . . . Repair Stations . | . . . . . . Recycling Units . | . . . . . . Scanalyzers . | . . . . . . Garrison Access . | . . . . . . Total Hacks 15 | . 10 . 3 . 2 Successful 8 | . 5 . 3 . . Failed 6 | . 4 . . . 2 Catastrophic . | . . . . . . Database Lockouts 1 | . 1 . . . . Manual 10 | . 10 . . . . Terminals 12 | . 10 . . . 2 Fabricators . | . . . . . . Repair Stations . | . . . . . . Recycling Units . | . . . . . . Scanalyzers . | . . . . . . Garrison Access . | . . . . . . Terminal Hacks 8 | . 5 . 3 . . Record 3 | . . . 3 . . Robot Analysis 3 | . 3 . . . . Locate Traps 1 | . 1 . . . . Zone Layout 1 | . 1 . . . . Fabricator Hacks . | . . . . . . Repair Station Hacks . | . . . . . . Recycling Unit Hacks . | . . . . . . Scanalyzer . | . . . . . . Garrison Access Hacks . | . . . . . . Unauthorized Hacks . | . . . . . . Terminals . | . . . . . . Fabricators . | . . . . . . Repair Stations . | . . . . . . Recycling Units . | . . . . . . Scanalyzers . | . . . . . . Garrison Access . | . . . . . . Data Cores Recovered . | . . . . . . Used . | . . . . . . Hacking Detections 3 | . 2 . . . 1 Full Trace Events 2 | . 1 . . . 1 Feedback Events . | . . . . . . Feedback Blocked . | . . . . . . Robot Schematics Acquired . | . . . . . . Robots Built . | . . . . . . Authchips . | . . . . . . Time . | . . . . . . Total Robot Build Rating . | . . . . . . Part Schematics Acquired . | . . . . . . Parts Built . | . . . . . . Authchips . | . . . . . . Time . | . . . . . . Total Part Build Rating . | . . . . . . Parts Repaired . | . . . . . . Time . | . . . . . . Parts Recycled . | . . . . . . Recycled Matter . | . . . . . . Retrieved Matter . | . . . . . . Retrieved Components . | . . . . . . Parts Scanalyzed . | . . . . . . Part Schematics Acquired . | . . . . . . Parts Damaged . | . . . . . . Bothacking | -11 -10 -10 -10 -9 -8 ------------ Run | Jun Mat Min Exi Min Mat Used RIF Installer . | . . . . . . Robots Hacked . | . . . . . . Non-combat . | . . . . . . Combat . | . . . . . . Robot Hacks Applied . | . . . . . . Relay Couplers Released . | . . . . . . Fabnet Peak Effective % . | . . . . . . Robots Rewired . | . . . . . . Allies Hacked . | . . . . . . Hacks Repelled . | . . . . . . Allies | -11 -10 -10 -10 -9 -8 -------- Run | Jun Mat Min Exi Min Mat Total Allies . | . . . . . . Largest Group . | . . . . . . Highest-Rated Group . | . . . . . . Highest-Rated Ally . | . . . . . . Total Orders . | . . . . . . Ally Attacks . | . . . . . . Total Damage . | . . . . . . Kills . | . . . . . . Allies Corrupted . | . . . . . . Allies Melted . | . . . . . . Intel | -11 -10 -10 -10 -9 -8 ------- Run | Jun Mat Min Exi Min Mat Robot Analysis Total 3 | . 3 . . . . Derelict Logs Recovered 1 | . . 1 . . . Drone Launches . | . . . . . . Drone Recoveries . | . . . . . . Exploration | -11 -10 -10 -10 -9 -8 ------------- Run | Jun Mat Min Exi Min Mat Turns Passed 1480 | 159 377 141 547 27 229 Spaces Moved 1133 | 67 290 111 575 27 63 Core 23 | 20 . . . . 3 Treads . | . . . . . . Legs 12 | . . . . . 12 Wheels 1098 | 47 290 111 575 27 48 Hover . | . . . . . . Flight . | . . . . . . Fastest Speed 50 | 50 80 95 95 95 95 Average Speed 100 | 108 93 95 95 95 196 Slowest Speed 750 | 200 95 95 95 95 750 Overloaded Moves . | . . . . . . Propulsion Burnouts . | . . . . . . Robots Hopped . | . . . . . . Cave-ins Triggered . | . . . . . . Exploration Rate (%) 29 | 5 34 27 90 11 12 Regions Visited 5 Branch Regions 3 Pre-discovered Areas 2 | . . 1 1 . . Known Exits Taken . | . . . . . . Unknown Exits Taken 5 | 1 1 1 1 1 . Scrap Searched 3 | . . 2 . 1 . Spaces Dug . | . . . . . . Terrain Destroyed 54 | . . . . . 54 Melee . | . . . . . . Projectile . | . . . . . . AOE 54 | . . . . . 54 Terrain Rammed . | . . . . . . Walls Destroyed . | . . . . . . Machines Disabled . | . . . . . . Actions | -11 -10 -10 -10 -9 -8 --------- Run | Jun Mat Min Exi Min Mat Total 1329 | 113 352 145 575 28 116 Wait 50 | . 13 25 . . 12 Move 1128 | 66 289 110 574 26 63 Hop . | . . . . . . Pick Up 37 | 12 15 3 . 1 6 Fast Attach . | . . . . . . Attach 16 | 6 3 . . . 7 Detach . | . . . . . . Swap 8 | 2 1 3 1 . 1 Drop 9 | 2 3 3 . 1 . Fire 81 | 25 28 1 . . 27 Melee . | . . . . . . Ram . | . . . . . . Kick . | . . . . . . Crush . | . . . . . . Escape Stasis . | . . . . . . Rewire . | . . . . . . Trap . | . . . . . . Miscellaneous . | . . . . . . Route ------- -11/Junkyard -10/Materials -10/Mines -10/Exiles (discovered 2 exits: [*Min x2]) -9/Mines -8/Materials History --------- Turn | Location | Event 22 | -11/Junkyard | Discovered new exit (range 16) 160 | -11/Junkyard | Entered Materials 233 | -10/Materials | Met 8R-AWN 237 | -10/Materials | Discovered new exit (range 20) 308 | -10/Materials | Build established: Mutant 434 | -10/Materials | Central database locked down 537 | -10/Materials | Entered Mines 539 | -10/Mines | Followed 8R-AWN into the Mines 544 | -10/Mines | Learned location of Storage (-7) 674 | -10/Mines | Discovered new exit (range 5) 678 | -10/Mines | Entered Exiles 695 | -10/Exiles | Discovered new exit (range 15) 718 | -10/Exiles | Welcomed by 8R-AWN 737 | -10/Exiles | Met EX-HEX 774 | -10/Exiles | Met EX-DEC 845 | -10/Exiles | Visited The Gauntlet 995 | -10/Exiles | Discovered new exit (range 14) 1032 | -10/Exiles | Learned location of Zion (-6) 1051 | -10/Exiles | Met EX-BIN 1192 | -10/Exiles | Learned about 8R-AWN's background 1225 | -10/Exiles | Entered Mines 1226 | -9/Mines | YI-UF0 nonchalantly dropped a Grenade Launcher on the ground 1238 | -9/Mines | Discovered new exit (range 14) 1252 | -9/Mines | Entered Materials 1252 | -8/Materials | Evolved 4 slots: Power x1, Utility x2, Weapon x1 1481 | -8/Materials | Self-destructed Last Messages --------------- K-01 Serf collects debris. U-05 Engineer lays Concrete. W-25 Informer sends out distress signal. U-05 Engineer lays Concrete. K-01 Serf collects debris. U-05 Engineer lays Concrete. Penetrated by Slug. U-05 Engineer lays Concrete. K-01 Serf collects debris. U-05 Engineer lays Concrete. K-01 Serf collects debris. U-05 Engineer lays Concrete. Ion Engine destroyed. Critical hit (Burn: +37). U-05 Engineer lays Concrete. K-01 Serf collects debris. Lgt. Nuclear Core destroyed. U-05 Engineer lays Concrete. Hrd. Medium Armor Plating destroyed. U-05 Engineer lays Concrete. Map ----- +----------------------------------------------------+ | ?????????????????????????????????????????????????? | | ?????????????????????????????????????????????????? | | ?????????????????????????????????????????????????? | | ?????????????????????????????????????????????????? | | ?????????????????????????????????????????????????? | | ?????????????????????????????????????????????????? | | ?????????????????????????????????????????????????? | | ?????????????????????????????????????????????????? | | ???????????????????????????????????? ??? ?????? | | ?????????????????????????????????? ?? #????? | | ?????????????????????????????????? #????? | | ?????????????????????????????????# # + "??? | | ???????????????????????????????#?# """ | | ????????????????????!!???????? ? | | ??????????????????? !! ???????"" " ?? | | ??????????????????? ??????"" T ??? | | ???????????????????? ??????" " # #??? | | ????????????????????? ###????%% # #??? | | ??????????##############+########+ Y # #??? | | ??????????? % ##???? | | ???????????? % !% #???? | | ??????????????? a = #???? | | ?????????????????# u #????? | | ?????????????????# ###### | | ?????????????????#=== u | | ?????????????????#u== @ % | | ?????????????????#== "T" | | ?????????????????# k ###########+### | | ?????????????????# k #?????# | | ?????????????????#h #?????# | | ????????????? ]; #?????# | | ???????????? ; #?????# | | ???????????? / ; ##????# | | ??????????? ! ; ##????# | | ??????????? ; ##????# | | ???????????? + g u ;#????# | | ????????????######;%;;;;; ;; ##????######### | | ?????????????????##+##;#;" ;; #?????????????? | | ????????????????? T ######;;## #?????????????? | | ???????????????? ?????##### #?????????????? | | ???????????????? ? ?????????# #?????????????? | | ??????????????????!= ?????????# ?????????????? | | ???????????????????????????????# ?????????????? | | ???????????????????????????????? """????????????? | | ???????????????????????????????? ""?????????????? | | ???????????????????????????????? ???????????????? | | ?????????????????????????????????????????????????? | | ?????????????????????????????????????????????????? | | ?????????????????????????????????????????????????? | | ?????????????????????????????????????????????????? | +----------------------------------------------------+ Best States ------------- Heat Dissipation 41 Energy Generation 19 Energy Capacity 310 Matter Stores 300 Matter Capacity 300 Sight Range 18 Terrain Scan Density 10 Armor Coverage 225 Weapon Shielding 33 Evasion (%) 44 Item Schematics ----------------- None Robot Schematics ------------------ None Fabricated ------------ Nothing Alien Tech Used ----------------- None Achievements -------------- None Challenges ------------ None Game ------ Seed ForceSigixFirepult Manual? 0 Play Time 00:21:34 Cumulative 37.5 hours Start 2023.03.04 @ 15:58:46 End 2023.03.04 @ 16:19:52 Sessions 1 Manual Loads 0 Difficulty Rogue Special Mode None Game No. 33 Rogue 33 Adventurer 0 Explorer 0 Win Type - Total 1 Types 1/0/0/0/0/0/0/0/0 Lore% 35 Gallery% 28 Achievement% 29 Wizard Run 0 Options --------- ASCII 0 Keyboard 0 Movement Mouse Keybinds 0 Fullscreen 2 Font 18/SmallcapsGlow Map View 76x50 Tactical HUD 0 Map Filters NONE Filters NONE Steam 1 RUN: da67829f-9bf0-4e4c-9ae3-35817b25d60c